 Dungeon Crawl Stone Soup version 0.28-a0-247-gb8bfbab023 (webtiles) character file.

Game seed: 15492206313778997565

6 bande the Skirmisher (level 1, 0/14 HPs)
             Began as a Gargoyle Fighter on Aug 26, 2021.
             Killed from afar by a dart slug (2 damage)
             ... with a slug dart
             ... on level 1 of the Dungeon.
             The game lasted 00:01:00 (538 turns).

bande the Skirmisher (Gargoyle Fighter)              Turns: 538, Time: 00:01:01

Health: 0/14       AC: 10    Str: 19    XL:     1   Next: 90%
Magic:  1/1        EV:  7    Int:  8    God:
Gold:   0          SH:  8    Dex:  9    Spells: 0/0 levels left

rFire   . . .      SeeInvis .   a - +1 war axe
rCold   . . .      Faith    .   c - +0 kite shield
rNeg    + . .      Spirit   .   b - +0 scale mail
rPois   ∞          Reflect  .   (no helmet)
rElec   +          Harm     .   (no cloak)
rCorr   .          Rampage  .   (no gloves)
Will    .....                   h - +0 pair of boots
Stlth   ..........              (no amulet)
HPRegen 0.04/turn               (no ring)
MPRegen 0.07/turn               (no ring)

@: no status effects
A: sickness immunity, AC +2, negative energy resistance 1, electricity
resistance, torment resistance 1, petrification resistance
a: no special abilities


You were on level 1 of the Dungeon.
You visited 1 branch of the dungeon, and saw 1 of its levels.

Inventory:

Hand Weapons
 a - a +1 war axe (weapon)
Armour
 b - a +0 scale mail (worn)
 c - a +0 kite shield (worn)
 h - a +0 pair of boots (worn)
Scrolls
 f - 2 scrolls of amnesia
Potions
 d - a potion of might
 e - a potion of flight {unknown}
 g - 2 potions of berserk rage {unknown}


   Skills:
 + Level 3.5 Fighting
 + Level 1.8 Axes
 + Level 3.4 Armour
 + Level 3.3 Shields


You couldn't memorise any spells.
You didn't know any spells.
Your spell library contained the following spells:

 Spells                   Type           Power      Damage    Failure   Level
 Dazzling Flash           Conj/Hex       0%         N/A       100%        3
 Agony                    Necr           0%         N/A       100%        5
 Silence                  Hex/Air        0%         N/A       100%        5


Dungeon Overview and Level Annotations

Branches:
Dungeon (1/15)

Altars:


Innate Abilities, Weirdness & Mutations

You are immune to sickness and miasma.
Your stone body is resilient. (AC +2)
You are immune to poison.
You resist negative energy. (rN+)
You are resistant to electric shocks. (rElec)
You are resistant to unholy torment.
You are immune to petrification.


Message History

HP restored.
A hobgoblin comes into view.
The hobgoblin shouts!
A hobgoblin is nearby!
A dart slug comes into view.
The hobgoblin barely misses you. The dart slug launches a dart at you.
The slug dart hits you.
You hit the hobgoblin but do no damage. You block the hobgoblin's attack.
The hobgoblin hits you.
You barely miss the hobgoblin.
The hobgoblin hits you but does no damage. x2
The dart slug launches a dart at you.
The slug dart hits you but does no damage.
You slash the hobgoblin!
You kill the hobgoblin!
Found a runed fluorescent amulet.
The dart slug launches a dart at you.
The slug dart hits you but does no damage.
You hit the dart slug but do no damage. The dart slug launches a dart at you.
The slug dart hits you.
You hit the dart slug.
The dart slug is moderately wounded.
The dart slug bites you but does no damage.
You hit the dart slug.
The dart slug is heavily wounded.
The dart slug launches a dart at you. The slug dart hits you.
The dart slug launches a dart at you. The slug dart hits you.
* * * LOW HITPOINT WARNING * * *
The dart slug bites you but does no damage.
The dart slug launches a dart at you.
The slug dart hits you but does no damage.
The dart slug launches a dart at you. You block the slug dart.
The dart slug launches a dart at you. The slug dart hits you.
You die...

#....# ##########.##.#
#######..........##.#
#.......#####....##.# #.####..##
#....###.#
###########.####...###....# #.#
................>.........# #.###
.##########.#######.###...###....
.# #####..@.............### .#
#######.....####.#####.###.# .#
#.......w#..# #.#...#.....# .#
#........#..# #.#.#.#...### .#
#........#..# #.#.#.#.....# .#
#........#..# #.#.#.#.#.#.#
#...........# #.#.#.#.#.#.###
#.........#.# .#............
#...†.....#.# #######...###


You could see a dart slug.

Vanquished Creatures
  A giant cockroach (D:1)
  3 hobgoblins (D:1)
  A rat (D:1)
5 creatures vanquished.

Notes
Turn   | Place    | Note
-------+----------+-------------------------------------------
     0 | D:1      | bande the Gargoyle Fighter began the quest for the Orb.
     0 | D:1      | Reached XP level 1. HP: 14/14 MP: 1/1
   538 | D:1      | Killed from afar by a dart slug

Illustrated notes

Levels and vault maps discovered:
D:1:      elethiomel_arrival_quiet, layout_basic

Action                   || total
-------------------------++-------
Melee: War axe           ||    18
  Use: Scroll            ||     2
Armor: Scale mail        ||    11
Dodge: Dodged            ||     3
Block: Kite shield       ||     7

Table legend: (Time is in decaauts)
 A = Elapsed time spent in this place.
 B = Non-inter-level travel time spent in this place.
 C = Inter-level travel time spent in this place.
 D = Time resting spent in this place.
 E = Time spent auto-exploring this place.
 F = Levels seen in this place.
 G = Mean time per level.
                   A        B        C        D        E       F      G
               +--------+--------+--------+--------+--------+-----+--------+
         Total |    549 |    549 |      0 |    105 |    363 |   1 |  549.0 |
       Dungeon |    549 |    549 |      0 |    105 |    363 |   1 |  549.0 |
               +--------+--------+--------+--------+--------+-----+--------+

Top non-repeatable levels by time:
     D:1: 549 daAuts
